 Dungeon Crawl Stone Soup version 0.30-a0-385-gfebfb9b408 (webtiles) character file.

Game seed: 2677225540142283460

118372 MackTheKnife the Thaumaturge (level 16, -1/114 HPs)
             Began as an Octopode Cinder Acolyte on Dec 2, 2022.
             Was a Priest of Ignis.
             Shot with an arrow by a centaur warrior (18 damage)
             ... on level 15 of the Dungeon.
             The game lasted 01:26:32 (32327 turns).

MackTheKnife the Thaumaturge (OpCA)                Turns: 32327, Time: 01:26:32

Health: -1/114     AC:  7    Str: 19    XL:     16   Next: 76%
Magic:  17/33      EV: 15    Int: 27    God:    Ignis [***...]
Gold:   542        SH:  0    Dex: 11    Spells: 14/41 levels left

rFire   + + .      SeeInvis .    c - +8 war axe of Eternal Vigilance {vorpal, rN+ Will+ Int+4 Stlth-, axe}
rCold   + . .      Faith    .    (no shield)
rNeg    + . .      Spirit   .    M - +2 hat
rPois   +          Reflect  .    y - amulet "Gufavvu" {rPois rF+ Regen+ rCorr}
rElec   .          Harm     .    d - ring of protection from cold
rCorr   +          Rampage  .    o - ring of Doubts {Fire Int+2}
Will    ++...                    H - +4 ring of protection
Stlth   +++.......               g - ring of ice
HPRegen 1.19/turn                N - +6 ring of strength
MPRegen 0.23/turn                (no ring)
                                 (no ring)
                                 (no ring)

@: no status effects
A: almost no armour, amphibious, 8 rings, camouflage 1, gelatinous body 1,
(nimble swimmer 1), tentacles
a: Renounce Religion, Fiery Armour, Foxfire Swarm, Rising Flame


You were on level 15 of the Dungeon.
You worshipped Ignis.
Ignis was most pleased with you.
You visited 4 branches of the dungeon, and saw 22 of its levels.
You also visited: Ice Cave and Volcano.

You collected 2043 gold pieces.
You spent 1501 gold pieces at shops.


Innate Abilities, Weirdness & Mutations

You cannot wear most types of armour.
You are amphibious.
You can wear up to eight rings at the same time.
Your skin changes colour to match your surroundings (Stealth+).
Your rubbery body absorbs attacks. (AC +1, EV +1)
((You are camouflaged when in or above water. (Stealth+)))
You have tentacles for arms and can constrict up to eight enemies at once.


   Skills:
 - Level 12.0 Fighting
 - Level 3.0 Maces & Flails
 - Level 12.1 Polearms
 - Level 7.9 Dodging
 + Level 7.2 Stealth
 - Level 13.0 Spellcasting
 - Level 8.5 Conjurations
 - Level 5.6 Hexes
 - Level 6.2 Summonings
 - Level 5.6 Fire Magic
 - Level 7.0 Ice Magic
 - Level 7.0 Air Magic


You had 14 spell levels left.
You knew the following spells:

 Your Spells              Type           Power      Damage    Failure   Level
a - Call Canine Familiar  Summ           51%        N/A       1%          3
b - Summon Guardian Gole  Hex/Summ       49%        N/A       1%          3
c - Sticky Flame          Conj/Fire      71%        2d8       1%          4
d - Freezing Cloud        Conj/Ice/Air   36%        6-21      4%          5
e - Summon Ice Beast      Ice/Summ       69%        N/A       1%          4
f - Ozocubu's Armour      Ice            70%        N/A       1%          3
g - Frozen Ramparts       Ice            100%       1d16      1%          3
z - Scorch                Fire           100%       2d10      1%          2

Your spell library contained the following spells:

 Spells                   Type           Power      Damage    Failure   Level
 Freeze                   Ice            100%       1d10      1%          1
 Summon Small Mammal      Summ           100%       N/A       1%          1
 Hailstorm                Conj/Ice       74%        3d15      1%          3
 Ignite Poison            Fire/Tmut/Pois 41%        N/A       4%          3
 Gell's Gravitas          Tloc           17%        N/A       10%         3
 Lesser Beckoning         Tloc           34%        N/A       10%         3
 Teleport Other           Tloc           17%        N/A       10%         3
 Ignition                 Fire           32%        3d10      100%        8
 Polar Vortex             Ice            35%        N/A       100%        9

Inventory:

Hand Weapons
 b - a +6 trident of freezing {polearm}
   (You took it off a wight on level 8 of the Dungeon)
 c - the +8 war axe of Eternal Vigilance (weapon) {vorpal, rN+ Will+ Int+4 Stlth-, axe}
   (You bought it in a shop on level 2 of the Orcish Mines)

   It inflicts extra damage upon your enemies.
   Int:       It affects your intelligence (+4).
   rN:        It protects you from negative energy.
   Will:      It increases your willpower.
   Stlth:     It makes you less stealthy.
 L - the +3 sling of Fate {freeze, Will+}
   (You found it on level 10 of the Dungeon)

   Any ammunition fired from it freezes those it strikes, dealing additional
   cold damage.
   It can also slow down cold-blooded creatures.
   Will:      It increases your willpower.
Missiles
 f - 5 poisoned darts {throwing}
Armour
 M - a +2 hat (worn)
   (You found it on level 11 of the Dungeon)
 P - a +2 crystal plate armour of cold resistance {rare=g}
   (You found it in an ice cave)
Magical Staves
 a - a staff of fire {!astaff}
   (You took it off a goblin on level 4 of the Dungeon)
Jewellery
 d - a ring of protection from cold (left tentacle)
   (You found it on level 1 of the Dungeon)
 g - a ring of ice (on tentacle)
   (You found it on level 4 of the Dungeon)
 i - a ring of poison resistance
   (You found it on level 5 of the Lair of Beasts)
 o - the ring of Doubts (right tentacle) {Fire Int+2}
   (You found it on level 2 of the Dungeon)

   [ring of fire]

   It enhances your fire magic.
   Int:       It affects your intelligence (+2).
   rF:        It protects you from fire.
   rC:        It makes you vulnerable to cold.
 x - the necklace of Bloodlust {*Rage Will++ Int-3 Slay+6}
   (You took it off an orc priest on level 9 of the Dungeon)

   [amulet of nothing]

   It extends the wearer's berserk rage when killing foes.
   Int:       It affects your intelligence (-3).
   Slay:      It affects your accuracy & damage with ranged weapons and melee
   (+6).
   *Rage:     It berserks you when you make melee attacks (+50% chance).
   Will:      It greatly increases your willpower.
 y - the amulet "Gufavvu" (around mantle) {rPois rF+ Regen+ rCorr}
   (You took it off an orc on level 9 of the Dungeon)

   [amulet of regeneration]

   rF:        It protects you from fire.
   rPois:     It protects you from poison.
   Regen:     It increases your rate of health regeneration.
   rCorr:     It protects you from acid and corrosion.
 F - an amulet of reflection
   (You took it off a vampire on level 9 of the Dungeon)
 H - a +4 ring of protection (on tentacle)
   (You found it on level 9 of the Dungeon)
 N - a +6 ring of strength (on tentacle)
   (You found it on level 1 of the Lair of Beasts)
Wands
 s - a wand of flame (35)
   (You found it on level 5 of the Dungeon)
 E - a wand of quicksilver (1)
   (You found it on level 1 of the Lair of Beasts)
 Q - a wand of iceblast (5)
   (You found it on level 5 of the Lair of Beasts)
 T - a wand of digging (4)
   (You bought it in a shop on level 2 of the Orcish Mines)
Scrolls
 m - 6 scrolls of enchant weapon
 q - 2 scrolls of vulnerability {!r!r}
 t - 5 scrolls of identify {@r1}
 u - 3 scrolls of teleportation {@r4}
 B - a scroll of amnesia
 G - a scroll of fog
 K - a scroll of brand weapon
 O - a scroll of blinking {!r}
 U - a scroll of magic mapping {!r}
 V - a scroll of poison
 X - a scroll of enchant armour
Potions
 e - a potion of heal wounds {@q2}
 h - a potion of mutation {!q}
 j - 3 potions of flight
 k - 3 potions of ambrosia
 l - 7 potions of might
 n - 5 potions of lignification {!q}
 p - 3 potions of brilliance
 r - a potion of cancellation
 v - 5 potions of magic
 z - 3 potions of resistance
 A - a potion of attraction {!q}
 C - 3 potions of haste {@q3}
 D - a potion of berserk rage {!q}
 J - 3 potions of invisibility
 R - 6 potions of curing {@q1}
Miscellaneous
 w - a piece from Xom's chessboard (15/15)
   (You found it on level 5 of the Lair of Beasts)
 I - a lightning rod (4/4)
   (You found it on level 9 of the Dungeon)
 S - a phial of floods
   (You bought it in a shop on level 2 of the Orcish Mines)
 W - a box of beasts
   (You found it on level 12 of the Dungeon)

Dungeon Overview and Level Annotations

Branches:
Dungeon (15/15) Zot: 26988  Temple (1/1) D:6 Zot: 5998    Lair (5/5) D:11 Zot: 20041
  Swamp (0/4) Lair:3        Snake (0/4) Lair:3        Slime (0/5) Lair:4
    Orc (2/2) D:11 Zot: 9005     Elf (0/3) Orc:2         IceCv (visited)
Volcano (visited)
 Vaults: D:13-14     Depths: D:15

Altars:
Ashenzari
Cheibriados
Gozag
Kikubaaqudgha
Nemelex Xobeh
Uskayaw
Wu Jian
Xom
Jiyva

Shops:
D:8 (   Orc:2 **[=(

Annotations:
D:8 3 runed translucent doors, Verendum's ghost, novice OpTm
D:10 1 runed translucent door, caveywoolpert's ghost, novice DsEE
Lair:3 exclusion: downstairs
Orc:1 Erica
Orc:2 exclusion: 2 upstairs

........# .P~~~~~
......#.#####~♣~P~
......#.#...##♣~♣♣
......#.'...##.♣S♣#
......###.........###
......#
####....#...#..
......# #...........
####.## #.....†#.
#..# #....@<# ....8
###+#..# ....8 ##§#
.... .§§. #§### #c#
.. .§§ .. .§§ P.


You could see a centaur warrior.


Message History

You puncture the water elemental! You freeze the water elemental.
You destroy the water elemental!
Your Stealth skill increases to level 7! 😎 MP[+1]
Your +6 trident of freezing {polearm} stops glowing.
You feel clever.
c - the +8 war axe of Eternal Vigilance (weapon)
{vorpal, rN+ Will+ Int+4 Stlth-, axe} 😎 MP[+1] 😎 MP[+1] 😎 MP[+1]
You start resting. 😎 MP[+23]
Your mp is fully restored (33).
There is a stone staircase leading up here.
You climb upwards.
The white ugly thing gurgles horribly! x3
There is a stone staircase leading down here.
The white ugly thing bites you but does no damage.
You climb downwards.
There is a stone staircase leading up here.
Casting: Scorch (safe; 1% risk of failure)
Confirm with . or Enter, or press ? or * to list all spells.
You feel a surge of power!
Flames lash the white ugly thing.
The white ugly thing's fire resistance burns away.
The white ugly thing bites you. The white ugly thing freezes you!
You resist. 😕 HP[-13] MP[-2]
You take 13 damage, and now have 101/114 hp.
You lost 2 mp, and now have 31/33 mp.
Casting: Scorch (safe; 1% risk of failure)
Confirm with . or Enter, or press ? or * to list all spells.
You feel a surge of power!
Flames lash the white ugly thing.
The white ugly thing is burned terribly!
The white ugly thing bites you! The white ugly thing freezes you.
You resist. 😮 HP[-18] MP[-2]
You take 18 damage, and now have 83/114 hp.
You lost 2 mp, and now have 29/33 mp.
Casting: Scorch (safe; 1% risk of failure)
Confirm with . or Enter, or press ? or * to list all spells.
You feel a surge of power!
Flames lash the white ugly thing.
The white ugly thing is burned terribly!
The white ugly thing bites you! The white ugly thing freezes you.
You resist. 😮 HP[-12] MP[-2]
You take 12 damage, and now have 71/114 hp.
You lost 2 mp, and now have 27/33 mp.
Casting: Scorch (safe; 1% risk of failure)
Confirm with . or Enter, or press ? or * to list all spells.
You feel a surge of power!
Flames lash the white ugly thing.
The white ugly thing is burned terribly!
A centaur warrior opens the door.
The white ugly thing barely misses you. 😮 HP[+1] MP[-1]
You lost 1 mp, and now have 26/33 mp.
Casting: Scorch (safe; 1% risk of failure)
Confirm with . or Enter, or press ? or * to list all spells.
You feel a surge of power!
Flames lash the white ugly thing.
The white ugly thing is burned terribly!
The centaur warrior shouts!
The centaur warrior wields a +0 longbow.
The centaur warrior shoots an arrow.
The arrow hits you!
* * * LOW HITPOINT WARNING * * *
The white ugly thing closely misses you. 😨 HP[-15] MP[-2]
You take 15 damage, and now have 57/114 hp.
You lost 2 mp, and now have 24/33 mp.
Casting: Scorch (safe; 1% risk of failure)
Confirm with . or Enter, or press ? or * to list all spells.
You feel a surge of power!
Flames lash the white ugly thing.
The white ugly thing is burned terribly!
You kill the white ugly thing!
The centaur warrior shoots an arrow.
The arrow hits you!
* * * LOW HITPOINT WARNING * * *
😨 HP[-10] MP[-2]
You take 10 damage, and now have 47/114 hp.
You lost 2 mp, and now have 22/33 mp.
Casting: Scorch (safe; 1% risk of failure)
Confirm with . or Enter, or press ? or * to list all spells.
Okay, then.
Unknown command.
Casting: Scorch (safe; 1% risk of failure)
Confirm with . or Enter, or press ? or * to list all spells.
Aiming: Freezing Cloud (dangerous; 4% risk of failure)
Press: ? - help, Dir - move target, f - centaur warrior
Aim: a centaur warrior, wielding a +0 longbow and wearing a +0 robe
Okay, then.
Unknown command.
The centaur warrior shoots an arrow.
The arrow hits you!!
* * * LOW HITPOINT WARNING * * *
😨 HP[-18]
You take 18 damage, and now have 29/114 hp.
Casting: Freezing Cloud (dangerous; 4% risk of failure)
Confirm with . or Enter, or press ? or * to list all spells.
Aiming: Freezing Cloud (dangerous; 4% risk of failure)
Press: ? - help, Dir - move target, f - centaur warrior
Aim: a centaur warrior, wielding a +0 longbow and wearing a +0 robe You feel a surge of power!
The centaur warrior is engulfed in freezing vapours.
The centaur warrior shoots an arrow.
The arrow hits you!
* * * LOW HITPOINT WARNING * * *
The centaur warrior is engulfed in freezing vapours.
The centaur warrior shoots an arrow.
The arrow hits you!!
You die...

Skill      XL: |  1  2  3  4  5  6  7  8  9 10 11 12 13 14 15 16 |
---------------+-------------------------------------------------+-----
Spellcasting   | 2 4 6 7 9 10 11 13 | 13.0
Fire Magic     | 5 |  5.6
Summonings     | 2 4 6 |  6.2
Hexes          | 1 4 5 |  5.6
Dodging        | 2 5 6 7 |  7.9
Fighting       | 4 6 7 8 9 12 | 12.0
Conjurations   | 6 7 8 |  8.5
Polearms       | 7 12 | 12.1
Stealth        | 4 7 |  7.2
Ice Magic      | 5 7 |  7.0
Air Magic      | 5 7 |  7.0
Maces & Flails | |  3.0

Action                   |  1- 3 |  4- 6 |  7- 9 | 10-12 | 13-15 | 16-18 || total
-------------------------+-------+-------+-------+-------+-------+-------++-------
Melee: Mace              |    35 |    30 |     9 |       |       |       ||    74
       Constrict         |     9 |     7 |     6 |     3 |    13 |    10 ||    48
       Tentacles         |     5 |     8 |     5 |    14 |    58 |    17 ||   107
       Short sword       |       |       |     4 |       |       |       ||     4
       Staff             |       |       |     2 |    22 |       |       ||    24
       Quarterstaff      |       |       |     6 |       |       |       ||     6
       Trident           |       |       |       |    25 |   219 |    57 ||   301
       Punch             |       |       |       |     2 |     4 |     2 ||     8
       Dagger            |       |       |       |    10 |       |       ||    10
       War axe           |       |       |       |       |       |    17 ||    17
 Cast: Scorch            |    25 |    44 |   142 |   335 |   251 |    69 ||   866
       Call Canine Famil |       |     1 |    22 |    38 |    59 |    11 ||   131
       Summon Guardian G |       |       |     3 |    34 |    28 |     4 ||    69
       Sticky Flame      |       |       |       |     8 |    72 |    15 ||    95
       Summon Ice Beast  |       |       |       |       |    18 |    19 ||    37
       Freezing Cloud    |       |       |       |       |    27 |    32 ||    59
       Ozocubu's Armour  |       |       |       |       |       |     3 ||     3
Invok: Foxfire Swarm     |       |     2 |       |     1 |       |       ||     3
       Fiery Armour      |       |       |       |     1 |     1 |       ||     2
Evoke: Lightning rod     |       |       |       |     6 |     3 |       ||     9
       Wand              |       |       |       |     1 |    35 |       ||    36
  Use: Scroll            |       |    12 |     6 |    16 |    17 |     1 ||    52
       Potion            |       |       |       |     1 |     7 |     1 ||     9
 Stab: Sleeping          |       |       |     1 |       |       |       ||     1
       Distracted        |       |       |       |       |     2 |     2 ||     4
Armor: Skin              |     6 |     4 |     1 |    31 |    69 |    30 ||   141
Dodge: Dodged            |    22 |    26 |    34 |    95 |   230 |    70 ||   477

Levels and vault maps discovered:
D:1:      lightli_arrival_maybe_door_vault, layout_basic,
          minmay_tree_intersection, chequers_serial_rivers_large_b,
          nicolae_concentric_dashed_squares_mild
D:2:      layout_rooms, shapermc_ecumenical_altar_flowoftime
D:3:      layout_basic, mainiacjoe_overflow_catwalk, kennysheep_generic_room_9,
          uniq_grinder, uniq_terence
D:4:      nicolae_cairo_tiling_very_big, layout_loops_ring, uniq_edmund,
          uniq_crazy_yiuf_cottage, uniq_menkaure, uniq_eustachio
D:5:      layout_loops_corners
D:6:      layout_basic, minmay_temple_entry_waves
D:7:      layout_basic, nicolae_gozag_seed_capital, nicolae_figureground_sparkle
D:8:      layout_basic, biasface_ghost_orc_armoury, serial_shops, shop,
          glass_columns_a
D:9:      layout_irregular_city, lemuel_mausoleum_altar_kikubaaqudgha,
          minmay_radiant
D:10:     layout_small_grid, ebering_ghost_funeral_grove
D:11:     layout_loops_ring, dpeg_lair_monsters, zombieorc1_lemuel,
          item_on_display_a
D:12:     layout_irregular_city, enter_trove_6, minmay_mirror_moons_of_madness
D:14:     layout_basic, nicolae_vehumet_altar_sigil
D:15:     gammafunk_depths_entry_grave, layout_basic, fountainhead,
          hangedman_decor_lopped, serial_bayou_lake_a
Temple:   nicolae_temple_bog_church
Lair:1:   lemuel_reptile_caves, layout_regular_city
Lair:2:   layout_chaotic_city, minmay_lindwurm_lava, lemuel_fruit_tree,
          uniq_gastronok
Lair:3:   layout_regular_city, skrybe_swamp_entry_bodies, dummy_snake_entry,
          nicolae_lair_grazing_beasts [nicolae_sub_lair_graze_edge,
          nicolae_sub_lair_graze_edge, nicolae_sub_lair_graze_edge,
          nicolae_sub_lair_graze_edge], serial_bayou_shore_a
Lair:4:   layout_cave_pods, slime_entry_1, minivault_23
Lair:5:   cheibrodos_lair_end_hotspot, layout_regular_city,
          nicolae_quartered_pool_medium, nicolae_lair_lindhole
Orc:1:    layout_caves, nicolae_volcano_entry_batcave, uniq_erica
Orc:2:    st_orc_congregation, layout_caves, portal_ice_cave_entry_pillars_2,
          serial_shops, shop

Notes
Turn   | Place    | Note
-------+----------+-------------------------------------------
     0 | D:1      | MackTheKnife the Octopode Cinder Acolyte began the quest
                  | for the Orb.
     0 | D:1      | Reached XP level 1. HP: 16/16 MP: 2/2
     0 | D:1      | magus.rc [v1.9.6]
    75 | D:1      | Reached XP level 2. HP: 16/21 MP: 4/4
    82 | D:1      | Learned a level 2 spell: Scorch
   569 | D:1      | Reached XP level 3. HP: 26/26 MP: 0/5
   654 | D:1      | Reached skill level 2 in Spellcasting
  1438 | D:2      | Reached XP level 4. HP: 20/31 MP: 1/7
  1510 | D:2      | Reached skill level 4 in Fire Magic
  1559 | D:2      | Found a faded altar of an unknown god.
  1831 | D:2      | Identified the ring of Doubts {Fire Int+2}
  2225 | D:3      | Noticed Grinder
  2236 | D:3      | Killed Grinder
  2237 | D:3      | Reached skill level 4 in Spellcasting
  2237 | D:3      | Reached skill level 5 in Fire Magic
  2237 | D:3      | Reached XP level 5. HP: 19/36 MP: 2/11
  2237 | D:3      | Reached XP level 6. HP: 22/42 MP: 2/12
  2400 | D:3      | Noticed Terence
  2444 | D:3      | Killed Terence
  2713 | D:3      | Found a broken altar of Ashenzari.
  2733 | D:3      | You pick up a book of Callings and begin reading...
  2733 | D:3      | You add the spells Summon Small Mammal, Call Canine
                  | Familiar and Summon Guardian Golem to your library.
  2740 | D:3      | Learned a level 3 spell: Call Canine Familiar
  3374 | D:4      | Noticed Edmund
  3387 | D:3      | Killed Edmund
  3388 | D:3      | Reached skill level 2 in Summonings
  3388 | D:3      | Reached XP level 7. HP: 23/46 MP: 2/13
  3627 | D:4      | Found a runed translucent door.
  3628 | D:4      | Noticed Crazy Yiuf
  3964 | D:4      | Noticed Menkaure
  3970 | D:4      | Killed Menkaure
  3971 | D:4      | Reached skill level 3 in Summonings
  4019 | D:4      | Identified the +1 scale mail of Valiance {Drain rPois
                  | rCorr}
  4141 | D:4      | Reached skill level 4 in Summonings
  4270 | D:4      | Noticed Eustachio
  4515 | D:4      | Learned a level 3 spell: Summon Guardian Golem
  4670 | D:4      | Killed Eustachio
  4671 | D:4      | Reached skill level 1 in Hexes
  4671 | D:4      | Reached XP level 8. HP: 52/52 MP: 1/15
  4882 | D:4      | Killed Crazy Yiuf
  4883 | D:4      | Reached skill level 2 in Hexes
  5054 | D:5      | Entered Level 5 of the Dungeon
  5138 | D:5      | Reached skill level 5 in Spellcasting
  5622 | D:5      | Reached skill level 3 in Hexes
  5908 | D:5      | Reached skill level 4 in Hexes
  6271 | D:6      | Reached skill level 6 in Spellcasting
  6335 | D:6      | Reached XP level 9. HP: 56/56 MP: 4/18
  6542 | D:6      | Reached skill level 5 in Hexes
  6660 | D:6      | Found a staircase to the Ecumenical Temple.
  6676 | Temple   | Entered the Ecumenical Temple
  7585 | D:6      | Reached skill level 7 in Spellcasting
  7745 | D:7      | Reached skill level 5 in Summonings
  8738 | D:7      | Found an opulent altar of Gozag.
  8745 | D:7      | Reached skill level 6 in Summonings
  9144 | D:8      | Reached skill level 1 in Dodging
  9217 | D:8      | Found Mogon's Weapon Boutique.
  9397 | D:8      | Found a runed translucent gate.
  9398 | D:8      | Found a runed translucent gate.
  9400 | D:8      | Found a runed translucent gate.
  9401 | D:8      | Noticed Verendum's ghost (novice OpTm)
  9652 | D:8      | Reached skill level 2 in Dodging
  9823 | D:8      | Reached skill level 4 in Fighting
  9826 | D:8      | Reached XP level 10. HP: 56/63 MP: 7/21
  9831 | D:8      | Reached skill level 3 in Dodging
 10397 | D:9      | Reached skill level 5 in Fighting
 10402 | D:9      | HP: 14/66 [poisoned by a killer bee]
 10406 | D:9      | HP: 5/66 [poisoned by a killer bee]
 10410 | D:9      | HP: 2/66 [poisoned by a killer bee]
 10579 | D:9      | Identified the +2 ring mail "Ysemig" {Rampage rF- Dex-3
                  | SInv}
 10579 | D:9      | an orc priest comes into view. It is wielding a +0 hand
                  | axe, wearing the +2 ring mail "Ysemig" {Rampage rF- Dex-3
                  | SInv} and wearing the necklace of Bloodlust {*Rage Will++
                  | Int-3 Slay+6}.
 10640 | D:9      | Identified the amulet "Gufavvu" {rPois rF+ Regen+ rCorr}
 10653 | D:9      | Reached skill level 4 in Dodging
 10653 | D:9      | Noticed a tengu warrior
 10839 | D:9      | Identified a +0 crystal plate armour
 10840 | D:9      | E - a +0 crystal plate armour {rare=g}
 10854 | D:9      | Killed a tengu warrior
 11169 | D:9      | Reached skill level 6 in Fighting
 11169 | D:9      | Reached skill level 5 in Dodging
 11383 | D:9      | Found an ancient bone altar of Kikubaaqudgha.
 11435 | D:9      | Reached skill level 8 in Spellcasting
 11941 | D:9      | Reached skill level 9 in Spellcasting
 12062 | D:9      | Reached XP level 11. HP: 37/74 MP: 2/24
 12178 | D:9      | You drop a +0 crystal plate armour {rare=g}.
 12179 | D:9      | E - a +0 crystal plate armour {rare=g}
 12254 | D:9      | Reached skill level 10 in Spellcasting
 12791 | D:9      | You drop a +0 crystal plate armour {rare=g}.
 12826 | D:10     | Entered Level 10 of the Dungeon
 13030 | D:10     | You add the spells Ignite Poison, Sticky Flame and Ignition
                  | to your library.
 13036 | D:10     | Learned a level 4 spell: Sticky Flame
 13048 | D:10     | Found a runed translucent door.
 13051 | D:10     | Noticed caveywoolpert's ghost (novice DsEE)
 13054 | D:10     | Noticed a spriggan rider
 13055 | D:10     | Identified the +7 trident "MackTheKnife's Foe" {pain, rPois
                  | Int-2 Dex+4}
 13300 | D:10     | Reached skill level 1 in Conjurations
 13339 | D:10     | Identified the +3 sling of Fate {freeze, Will+}
 13350 | D:10     | Reached skill level 2 in Conjurations
 13359 | D:10     | Reached skill level 3 in Conjurations
 13381 | D:10     | Reached skill level 4 in Conjurations
 13536 | D:10     | You pick up a book of Callings and begin reading...
 13738 | D:11     | Noticed a cyclops
 13748 | D:11     | Killed a cyclops
 13749 | D:11     | Reached skill level 5 in Conjurations
 14041 | D:11     | You pick up a book of Displacement and begin reading...
 14041 | D:11     | You add the spells Lesser Beckoning, Gell's Gravitas and
                  | Teleport Other to your library.
 14085 | D:11     | Noticed a death yak
 14117 | D:11     | Noticed a centaur warrior
 14203 | D:11     | Reached skill level 6 in Conjurations
 14439 | D:11     | Noticed a purple ugly thing
 14509 | D:11     | Noticed a sun demon
 14691 | D:11     | Noticed a two-headed ogre
 14770 | D:11     | Killed a two-headed ogre
 14880 | D:11     | Found a staircase to the Orcish Mines.
 14959 | D:11     | Killed a death yak
 14960 | D:11     | Reached skill level 7 in Fighting
 14960 | D:11     | Reached skill level 6 in Dodging
 14960 | D:11     | Reached XP level 12. HP: 81/81 MP: 11/26
 14961 | D:11     | Noticed a death yak
 14964 | D:11     | Noticed a death yak
 14967 | D:11     | Noticed a death yak
 14970 | D:11     | Noticed a death yak
 14984 | D:11     | Noticed a death yak
 14990 | D:11     | Killed a death yak
 15007 | D:11     | Killed a death yak
 15008 | D:11     | Killed a death yak
 15009 | D:11     | Reached skill level 7 in Dodging
 15022 | D:11     | Killed a death yak
 15023 | D:11     | Reached skill level 8 in Fighting
 15056 | D:11     | Noticed a two-headed ogre
 15374 | D:11     | Killed a two-headed ogre
 15457 | D:11     | Found a staircase to the Lair.
 15572 | D:11     | Killed a death yak
 15909 | D:12     | Noticed a boulder beetle
 15944 | Lair:1   | Entered Level 1 of the Lair of Beasts
 15945 | Lair:1   | magus.rc [v1.9.6]
 16129 | Lair:1   | Reached skill level 1 in Polearms
 16298 | Lair:1   | Reached skill level 2 in Polearms
 16310 | Lair:1   | Reached skill level 3 in Polearms
 16738 | Lair:1   | Reached skill level 4 in Polearms
 17043 | Lair:1   | Reached skill level 5 in Polearms
 17542 | Lair:1   | Reached skill level 6 in Polearms
 17740 | Lair:1   | magus.rc [v1.9.6]
 17797 | Lair:2   | Reached skill level 7 in Polearms
 17937 | Lair:2   | Noticed a death yak
 17940 | Lair:2   | Noticed a death yak
 17940 | Lair:2   | Noticed a death yak
 17955 | Lair:2   | Killed a death yak
 17960 | Lair:2   | Killed a death yak
 17961 | Lair:2   | Reached XP level 13. HP: 89/89 MP: 27/27
 17963 | Lair:2   | Reached skill level 8 in Polearms
 18222 | Lair:2   | Noticed Gastronok
 18258 | Lair:2   | Killed Gastronok
 18259 | Lair:2   | Reached skill level 9 in Polearms
 18506 | Lair:2   | Reached skill level 1 in Stealth
 18572 | Lair:2   | Reached skill level 2 in Stealth
 18576 | Lair:2   | Reached skill level 3 in Stealth
 19004 | Lair:3   | Reached skill level 4 in Stealth
 19054 | Lair:3   | Found a staircase to the Swamp.
 19136 | Lair:3   | Reached skill level 10 in Polearms
 19429 | Lair:3   | magus.rc [v1.9.6]
 19703 | Lair:3   | Reached skill level 11 in Polearms
 19894 | Lair:3   | Found a staircase to the Snake Pit.
 20427 | Lair:4   | Found a staircase to the Slime Pits.
 20429 | Lair:4   | Found a viscous altar of Jiyva.
 20628 | Lair:4   | Reached skill level 12 in Polearms
 20787 | Lair:4   | Reached skill level 9 in Fighting
 21080 | Lair:4   | Reached XP level 14. HP: 61/97 MP: 5/28
 21688 | D:11     | Reached skill level 10 in Fighting
 21783 | Orc:1    | Entered Level 1 of the Orcish Mines
 22230 | Orc:1    | Found a dark tunnel.
 22252 | Volcano  | Entered a volcano
 22538 | Orc:2    | Entered Level 2 of the Orcish Mines
 22565 | Orc:2    | Found a staircase to the Elven Halls.
 22593 | Orc:2    | Reached skill level 11 in Fighting
 22742 | Orc:1    | Noticed Erica
 22811 | Orc:2    | Found Jiddeir's Assorted Antiques.
 22821 | Orc:2    | Bought a scroll of blinking for 247 gold pieces
 23064 | Orc:2    | Found a frozen archway.
 23073 | IceCv    | Entered an ice cave
 23895 | IceCv    | Identified a +2 crystal plate armour of cold resistance
 23896 | IceCv    | P - a +2 crystal plate armour of cold resistance {rare=g}
 24094 | IceCv    | Noticed a reaper
 24110 | IceCv    | Killed a reaper
 24111 | IceCv    | Reached skill level 12 in Fighting
 24115 | IceCv    | You add the spells Freeze, Ozocubu's Armour, Summon Ice
                  | Beast, Freezing Cloud and Polar Vortex to your library.
 24115 | IceCv    | Got the Compendium of the Winter
 24263 | IceCv    | Learned a level 5 spell: Freezing Cloud
 24633 | Orc:2    | Reached skill level 1 in Ice Magic
 24633 | Orc:2    | Reached skill level 1 in Air Magic
 24988 | Orc:2    | Reached skill level 2 in Ice Magic
 24988 | Orc:2    | Reached skill level 2 in Air Magic
 25208 | Orc:2    | Learned a level 4 spell: Summon Ice Beast
 25360 | Orc:2    | Noticed an orc warlord
 25699 | Lair:4   | Reached skill level 3 in Ice Magic
 25699 | Lair:4   | Reached skill level 3 in Air Magic
 26107 | Lair:4   | Reached skill level 4 in Ice Magic
 26107 | Lair:4   | Reached skill level 4 in Air Magic
 26839 | Lair:5   | Entered Level 5 of the Lair of Beasts
 27275 | Lair:5   | Reached skill level 5 in Ice Magic
 27275 | Lair:5   | Reached skill level 5 in Air Magic
 27304 | Lair:5   | Reached skill level 7 in Conjurations
 27419 | Lair:5   | Reached XP level 15. HP: 39/108 MP: 4/29
 27430 | Lair:5   | Reached skill level 11 in Spellcasting
 28109 | Lair:5   | Reached skill level 6 in Ice Magic
 28189 | Lair:5   | Reached skill level 6 in Air Magic
 28522 | Lair:5   | Reached skill level 8 in Conjurations
 28715 | Lair:5   | Identified a potion of experience
 28724 | Lair:5   | Reached skill level 7 in Ice Magic
 28724 | Lair:5   | Reached skill level 7 in Air Magic
 28724 | Lair:5   | Reached XP level 16. HP: 114/114 MP: 31/31
 29008 | Lair:5   | Reached skill level 12 in Spellcasting
 29331 | Lair:5   | Found a large runed translucent door.
 29331 | Lair:5   | Found a large runed translucent door.
 29879 | Orc:2    | HP: 27/114 [orc knight/+0 battleaxe (21)]
 30413 | Orc:2    | Found Kadown's General Store.
 30417 | Orc:2    | Found Efron's Antique Armour Shop.
 30417 | Orc:2    | Found Pofaus's Antique Weapon Boutique.
 30418 | Orc:2    | Found Ophegh's Jewellery Shop.
 30435 | Orc:2    | Bought an ancient war axe for 289 gold pieces
 30435 | Orc:2    | Identified the +8 war axe of Eternal Vigilance {vorpal, rN+
                  | Will+ Int+4 Stlth-} (You bought it in a shop on level 2 of
                  | the Orcish Mines)
 30451 | Orc:2    | Bought a phial of floods for 680 gold pieces
 30451 | Orc:2    | Bought a wand of digging (4) for 285 gold pieces
 30781 | D:11     | Learned a level 3 spell: Ozocubu's Armour
 30857 | D:10     | HP: 19/114 [boulder beetle (21)]
 31333 | D:12     | Reached skill level 13 in Spellcasting
 31588 | D:12     | Reached skill level 5 in Stealth
 31813 | D:12     | You fall into a shaft and drop 3 floors!
 31813 | D:15     | Entered Level 15 of the Dungeon
 31835 | D:15     | You pick up a book of Frost and begin reading...
 31835 | D:15     | You add the spells Frozen Ramparts and Hailstorm to your
                  | library.
 31841 | D:15     | Learned a level 3 spell: Frozen Ramparts
 32000 | D:15     | Reached skill level 6 in Stealth
 32199 | D:15     | Reached skill level 7 in Stealth
 32327 | D:15     | HP: 17/114 [centaur warrior/arrow (13)]
 32327 | D:15     | Shot with an arrow by a centaur warrior

Vanquished Creatures
  Gastronok (Lair:2)
  A reaper (IceCv)
  A fire dragon (Lair:5)
  4 hydras (Lair:5)
  2 centaur warriors
  3 catoblepae
  A boulder beetle (D:10)
  2 two-headed ogres (D:11)
  22 death yaks
  4 orc high priests (Orc:2)
  A fire crab (Lair:5)
  A skeletal warrior (D:15)
  3 lindwurms (Lair:5)
  2 orc knights
  2 cyclopes
  2 orc sorcerers (Orc:2)
  19 elephants
  2 ugly things
  4 black mambas (Lair:5)
  2 ice statues (IceCv)
  A gargoyle (D:12)
  5 cane toads
  An unseen horror zombie (D:9)
  2 anaconda simulacra (IceCv)
  2 kobold demonologists
  A freezing wraith (IceCv)
  3 ice devils (IceCv)
  17 komodo dragons
  3 efreet (Volcano)
  2 trolls
  Grinder (D:3)
  2 blink frogs (Lair:4)
  5 slime creatures
  4 dream sheep (Lair:3)
  4 shadows
  A vampire (D:9)
  3 water elementals (D:15)
  2 wraiths
  2 dire elephant simulacra (IceCv)
  Eustachio (D:4)
  4 basilisks
  4 fire elementals (Volcano)
  3 fire bats (Orc:1)
  3 wyverns
  20 yaks
  2 steam dragons
  7 vampire mosquitoes
  2 wargs
  Menkaure (D:4)
  Edmund (D:3)
  11 water moccasins
  3 hell hounds (Lair:5)
  4 hydra simulacra (IceCv)
  2 black bears
  2 ice beasts
  A sky beast (D:6)
  21 orc warriors
  5 wolves
  4 ogres
  5 boggarts (D:15)
  5 centaurs
  3 phantoms
  6 bullfrogs
  3 necrophages
  6 scorpions
  A gnoll sergeant (D:8)
  A wyvern zombie (D:9)
  2 troll zombies (D:11)
  6 wights
  15 killer bees
  3 electric eels
  3 howler monkeys
  2 nameless horrors
  A centaur zombie (D:9)
  5 lava snakes (Lair:5)
  3 jellies
  A hound (D:5)
  Crazy Yiuf (D:4)
  A human zombie (D:9)
  12 orc priests
  12 iguanas
  Terence (D:3)
  19 orc wizards
  3 troll simulacra (IceCv)
  A wolf simulacrum (IceCv)
  3 ogre zombies (D:11)
  A mummy (D:9)
  2 gnolls (D:8)
  3 howler monkey zombies (D:9)
  6 adders
  2 shadow imps (D:8)
  3 white imps (D:6)
  3 ufetubi
  2 worms (D:2)
  3 dart slugs
  58 orcs
  9 ball pythons
  5 bats
  8 endoplasms
  4 giant cockroaches
  6 hobgoblins
  9 jackals
  6 quokkas
  20 frilled lizards
  8 goblins
  A goblin skeleton (D:11)
  A goblin zombie (D:11)
  A hobgoblin skeleton (D:11)
  2 hobgoblin zombies (D:11)
  8 kobolds
  An orc skeleton (D:11)
  10 orc zombies (D:11)
  10 rats
  A fire vortex (Volcano)
558 creatures vanquished.

Vanquished Creatures (collateral kills)
  2 hydras
  A boulder beetle (D:12)
  A two-headed ogre (D:12)
  4 death yaks
  A bog body (Lair:3)
  2 orc knights (Orc:2)
  A cyclops (D:15)
  An orc sorcerer (Orc:2)
  An elephant (Lair:5)
  2 komodo dragons
  An anaconda simulacrum (IceCv)
  A blink frog (Lair:4)
  A slime creature (D:9)
  6 yaks
  A vampire mosquito (D:12)
  2 acid dragons (D:11)
  2 water moccasins
  An orc warrior (Orc:2)
  2 wolves (Lair:4)
  An ogre (Orc:2)
  A centaur (D:11)
  3 killer bees (D:9)
  3 orc priests
  5 orc wizards
  An ogre zombie (D:11)
  3 gnolls (D:8)
  7 orcs
  2 frilled lizards (Lair:1)
59 creatures vanquished.

Vanquished Creatures (others)
  A tengu warrior (D:9)
  2 death yaks (D:11)
  An elephant (Lair:5)
  A black mamba (Lair:1)
  2 komodo dragons (Lair:1)
  A kobold demonologist (D:11)
  2 ice devils (IceCv)
  A slime creature (D:9)
  A wyvern (D:8)
  A wraith (D:10)
  18 yaks
  A steam dragon (Lair:2)
  A hydra simulacrum (IceCv)
  3 wolves
  A killer bee (D:9)
  A hound (D:5)
  An orc (D:8)
  A goblin zombie (D:11)
  2 orc zombies (D:11)
  4 bushes
  A fire vortex (Volcano)
  23 foxfires
  35 fungi
  61 plants
  6 withered plants (D:15)
172 creatures vanquished.

Grand Total: 789 creatures vanquished

Table legend:
 A = Non-vault XP
 B = Vault XP
 C = Vault XP percentage of total XP
 D = Non-vault monster count
 E = Vault monster count
 F = Vault count percentage of total count
                 A         B        C        D         E       F
            +---------+---------+-------+---------+---------+-------
      Total |   71740 |   51281 |  41.7 |     425 |     231 |  35.2
            +---------+---------+-------+---------+---------+-------
        D:1 |      46 |       0 |   0.0 |      29 |       0 |   0.0
        D:2 |      74 |       0 |   0.0 |      24 |       0 |   0.0
        D:3 |     137 |     478 |  77.7 |      20 |       5 |  20.0
        D:4 |     201 |     409 |  67.0 |      22 |       3 |  12.0
        D:5 |     680 |       0 |   0.0 |      16 |       0 |   0.0
        D:6 |     980 |       0 |   0.0 |      14 |       0 |   0.0
        D:7 |    1052 |       0 |   0.0 |      16 |       0 |   0.0
        D:8 |    1053 |       0 |   0.0 |      24 |       0 |   0.0
        D:9 |    4839 |    1948 |  28.7 |      44 |      14 |  24.1
       D:10 |    2324 |     821 |  26.1 |      17 |       1 |   5.6
       D:11 |    6572 |    5618 |  46.1 |      27 |      34 |  55.7
       D:12 |    5169 |    1272 |  19.7 |      17 |       3 |  15.0
       D:15 |    2366 |     762 |  24.4 |      10 |       1 |   9.1
     Lair:1 |    3546 |    2212 |  38.4 |      16 |      34 |  68.0
     Lair:2 |    5615 |    1502 |  21.1 |      21 |       1 |   4.5
     Lair:3 |    2000 |    8554 |  81.0 |      10 |      13 |  56.5
     Lair:4 |   14383 |       0 |   0.0 |      34 |       0 |   0.0
     Lair:5 |   19236 |    9548 |  33.2 |      43 |      26 |  37.7
      Orc:1 |     450 |     591 |  56.8 |      10 |       3 |  23.1
      Orc:2 |    1017 |    9347 |  90.2 |      11 |      62 |  84.9
      IceCv |       0 |    6357 | 100.0 |       0 |      24 | 100.0
    Volcano |       0 |    1862 | 100.0 |       0 |       7 | 100.0
            +---------+---------+-------+---------+---------+-------

Illustrated notes

Table legend:
 A = Kills in this place as a percentage of kills in entire the game.
 B = Kills by you in this place as a percentage of kills by you in the entire game.
 C = Kills by friends in this place as a percentage of kills by friends in the entire game.
 D = Other kills in this place as a percentage of other kills in the entire game.
 E = Experience gained in this place as a percentage of experience gained in the entire game.
 F = Experience gained in this place divided by the number of levels of this place that you have seen.
                   A       B       C       D       E      F
               +-------+-------+-------+-------+-------+----------------------
         Total | 100.0 | 100.0 | 100.0 | 100.0 | 100.0 | 5125.9
       Dungeon |  52.0 |  53.3 |  39.0 |  52.4 |  29.9 | 2628.6
          Lair |  30.2 |  28.8 |  35.6 |  40.5 |  54.1 | 13319.2
  Orcish Mines |  13.1 |  13.0 |  23.7 |   0.0 |   9.3 | 5702.5
      Ice Cave |   3.7 |   3.6 |   1.7 |   7.1 |   5.2 | 6357.0
       Volcano |   1.1 |   1.3 |   0.0 |   0.0 |   1.5 | 1862.0
               +-------+-------+-------+-------+-------+----------------------

Table legend: (Time is in decaauts)
 A = Elapsed time spent in this place.
 B = Non-inter-level travel time spent in this place.
 C = Inter-level travel time spent in this place.
 D = Time resting spent in this place.
 E = Time spent auto-exploring this place.
 F = Levels seen in this place.
 G = Mean time per level.
                   A        B        C        D        E       F      G
               +--------+--------+--------+--------+--------+-----+--------+
         Total |  32262 |  30801 |   1461 |   8202 |  16605 |  24 | 1344.2 |
       Dungeon |  17929 |  17168 |    761 |   3864 |  10776 |  14 | 1280.6 |
        Temple |      1 |      1 |      0 |      0 |      0 |   1 |    1.0 |
          Lair |   9958 |   9363 |    595 |   2785 |   4767 |   5 | 1991.6 |
  Orcish Mines |   2995 |   2891 |    104 |    932 |    801 |   2 | 1497.5 |
      Ice Cave |   1224 |   1224 |      0 |    601 |    261 |   1 | 1224.0 |
       Volcano |    153 |    153 |      0 |     18 |      0 |   1 |  153.0 |
               +--------+--------+--------+--------+--------+-----+--------+

Top non-repeatable levels by time:
  Lair:5: 2665 daAuts
  Lair:4: 2599 daAuts
    D:11: 2432 daAuts
   Orc:2: 2305 daAuts
     D:9: 2117 daAuts
  Lair:1: 1963 daAuts
     D:8: 1727 daAuts
     D:4: 1577 daAuts
     D:6: 1428 daAuts
  Lair:3: 1373 daAuts
  Lair:2: 1355 daAuts
    D:10: 1349 daAuts
     D:7: 1288 daAuts
     D:3: 1270 daAuts
   IceCv: 1224 daAuts
